 Dungeon Crawl Stone Soup version 0.25.1-9-gc5326a611f (webtiles) character file.

Game seed: 9666739608179095632

801 growler the Geomancer (level 7, -1/36 HPs)
             Began as a Gargoyle Earth Elementalist on Dec 27, 2020.
             Killed by divine providence
             ... invoked by an orc priest
              (15 damage)
             ... on level 5 of the Dungeon.
             The game lasted 00:14:53 (5573 turns).

growler the Geomancer (Gargoyle Earth Elementalist) Turns: 5573, Time: 00:14:53

Health: -1/36      AC:  8    Str: 12    XL:     7   Next: 90%
Magic:  2/13       EV: 12    Int: 17    God:
Gold:   181        SH:  0    Dex: 10    Spells: 8/14 levels left

rFire    . . .     SeeInvis .   u - +2 rapier (venom)
rCold    . . .     Gourm    .   (no shield)
rNeg     + . .     Faith    .   c - +0 robe
rPois    ∞         Spirit   .   (no helmet)
rElec    +         Reflect  .   m - +0 cloak
rCorr    .         Harm     .   (no gloves)
MR       .....                  n - +0 pair of boots
Stlth    ++........             (no amulet)
HPRegen  0.12/turn              (no ring)
MPRegen  0.13/turn              (no ring)

@: slowed, very slow
A: negative energy resistance 1, electricity resistance, unbreathing,
petrification resistance, rot immunity, AC +4
a: no special abilities


You were on level 5 of the Dungeon.
You were hungry.

You visited 1 branch of the dungeon, and saw 5 of its levels.

You collected 181 gold pieces.

Inventory:

Hand Weapons
 r - a +2 dagger of holy wrath
   (You took it off a kobold on level 3 of the Dungeon)
 u - a +2 rapier of venom (weapon)
   (You found it on level 4 of the Dungeon)
Missiles
 a - a throwing net {!f}
 b - 51 stones (quivered)
Armour
 c - a +0 robe (worn)
 m - a +0 cloak (worn)
   (You found it on level 2 of the Dungeon)
 n - a +0 pair of boots (worn)
   (You found it on level 2 of the Dungeon)
Jewellery
 o - a +4 ring of evasion {unknown}
   (You found it on level 2 of the Dungeon)
 s - an uncursed amulet of magic regeneration
   (You found it on level 3 of the Dungeon)
Wands
 d - a wand of iceblast (7)
   (You found it on level 3 of the Dungeon)
 w - a wand of clouds (6)
   (You found it on level 4 of the Dungeon)
Scrolls
 f - 2 scrolls of remove curse {@r2}
 g - 3 scrolls of fear
 h - 4 scrolls of identify {@r1}
 j - 3 scrolls of amnesia
 k - 2 scrolls of enchant weapon
 p - 2 scrolls of teleportation {@r4}
 t - a scroll of immolation {unknown}
 x - a scroll of fog {unknown}
Potions
 i - 4 potions of brilliance
 l - 2 potions of heal wounds {@q2}
 q - a potion of magic
 v - a potion of curing {@q1}
Comestibles
 e - 2 rations {!d}
 z - 5 chunks of flesh


   Skills:
 - Level 1.5 Dodging
 - Level 2.1 Stealth
 + Level 4.0 Spellcasting
 + Level 4.1 Conjurations
 - Level 0.7 Transmutations
 + Level 8.5 Earth Magic


You had 8 spell levels left.
You knew the following spells:

 Your Spells              Type           Power        Failure   Level  Hunger
a - Sandblast             Erth           ####..       1%          1    None
q - Passwall              Tmut/Erth      ###.....     3%          2    ##.....
x - Stone Arrow           Conj/Erth      ####..       3%          3    ###....

Your spell library contained the following spells:

 Spells                   Type           Power        Failure   Level  Hunger
 Lee's Rapid Deconstruct  Erth           ####......   13%         5    ######.
 Petrify                  Tmut/Erth      ###.....     24%         4    ####...


Dungeon Overview and Level Annotations

Branches:
Dungeon (5/15)
 Temple: D:4-7

Altars:
Ru

Annotations:
D:4 1 runed translucent door, Gadfly's ghost, amateur FoFi


Innate Abilities, Weirdness & Mutations

You are resistant to torment.
Your stone body is resilient. (AC +4)
You are immune to poison.
You resist negative energy. (rN+)
You are resistant to electric shocks. (rElec)
You can survive without breathing.
You are immune to petrification.
You are immune to rotting.


Message History

Aim: an orc wizard, wielding a +1 dagger of draining and wearing a +0 robe The blast of sand hits the orc wizard.
b - 53 stones The orc wizard hits you but does no damage.
You closely miss the orc wizard.
The orc wizard gestures at you while chanting.
The magic dart hits you.
* * * LOW HITPOINT WARNING * * *
You barely miss the orc wizard. The orc wizard barely misses you.
You hit the orc wizard.
The orc wizard is poisoned.
The orc wizard misses you.
You hit the orc wizard.
The orc wizard looks as sick as possible!
The orc wizard closely misses you. The orc wizard casts a spell at you.
You feel yourself slow down.
Things that are here:
a +0 dagger; a +0 robe; an orc corpse
Aim: an orc wizard, wielding a +1 dagger of draining and wearing a +0 robe (severely wounded, extremely poisoned)
The blast of sand hits the orc wizard but does no damage.
b - 52 stones The orc wizard closely misses you.
You closely miss the orc wizard.
You kill the orc wizard!
Things that are here:
a +1 dagger of draining; a +0 robe There isn't anything to butcher here.
Things that are here:
a +0 dagger; a +0 robe; an orc corpse You butcher the orc corpse.
z - 4 chunks of flesh
Things that are here:
a +0 dagger; a +0 robe; an orc skeleton
Things that are here:
a +1 dagger of draining; a +0 robe
Things that are here:
a +0 club; a +0 leather armour; an orc corpse You butcher the orc corpse.
z - 5 chunks of flesh (gained 1)
Things that are here:
a +0 club; a +0 leather armour; an orc skeleton Your magical contamination has completely faded away.
An orc priest comes into view. It is wielding a +0 mace.
The orc priest shouts!
You can't see any susceptible monsters within range! (Use Z to cast anyway.)
Aim: an orc priest, wielding a +0 mace and wearing a +0 leather armour The blast of sand hits the orc priest!
b - 51 stones The orc priest mumbles some strange prayers to Beogh against you.
Beogh smites you!
You die...

. ## ... #.#######
....##.......
>.........#############
#[......).)).<...###
##..@.######.......#
#..o........#####...
#...........# #
#...........#
#...###.##.## ....#
#..#. .....# # .#.
.....## #.


You could see an orc priest.

Vanquished Creatures
  A sky beast (D:2)
  An ice beast (D:5)
  An ogre (D:4)
  An orc priest (D:3)
  6 orc wizards
  A bullfrog skeleton (D:4)
  2 centaur skeletons (D:4)
  3 worker ants (D:4)
  4 adders
  A howler monkey skeleton (D:4)
  4 gnolls (D:3)
  An ooze (D:3)
  6 worms
  A dart slug (D:2)
  A leopard gecko (D:3)
  9 orcs
  5 bats
  7 giant cockroaches
  7 goblins
  8 hobgoblins
  9 jackals
  A quokka (D:3)
  3 ball pythons
  4 frilled lizards
  5 kobolds
  5 rats
97 creatures vanquished.

Vanquished Creatures (others)
  2 withered plants (D:4)
2 creatures vanquished.

Grand Total: 99 creatures vanquished

Notes
Turn   | Place    | Note
-------+----------+-------------------------------------------
     0 | D:1      | growler the Gargoyle Earth Elementalist began the quest for
                  | the Orb.
     0 | D:1      | Reached XP level 1. HP: 10/10 MP: 3/3
    66 | D:1      | Reached skill level 4 in Earth Magic
   296 | D:1      | Reached XP level 2. HP: 13/15 MP: 5/5
   343 | D:1      | Learned a level 2 spell: Passwall
  1196 | D:2      | Reached XP level 3. HP: 19/19 MP: 3/6
  1201 | D:2      | Learned a level 3 spell: Stone Arrow
  1276 | D:2      | Reached skill level 5 in Earth Magic
  1461 | D:2      | Noticed a sky beast
  1488 | D:2      | Killed a sky beast
  1488 | D:2      | Reached skill level 6 in Earth Magic
  1488 | D:2      | Reached XP level 4. HP: 20/24 MP: 0/7
  1488 | D:2      | Reached XP level 5. HP: 23/28 MP: 0/8
  2052 | D:3      | Reached skill level 7 in Earth Magic
  2443 | D:3      | Found a sacrificial altar of Ru.
  2852 | D:3      | Reached skill level 1 in Conjurations
  2875 | D:3      | Reached XP level 6. HP: 26/32 MP: 3/9
  4123 | D:4      | Reached XP level 7. HP: 31/36 MP: 11/11
  4329 | D:4      | Reached skill level 8 in Earth Magic
  4397 | D:4      | Found a runed translucent door.
  4398 | D:4      | Noticed Gadfly's ghost (amateur FoFi)
  5256 | D:5      | Entered Level 5 of the Dungeon
  5573 | D:5      | Killed from afar by an orc priest

Illustrated notes

Levels and vault maps discovered:
D:1:      mrwooster_arrival_statue_2, layout_basic
D:2:      layout_basic, first_ration
D:3:      cheibrodos_pilgrimage, layout_loops_corners, nicolae_ru_path_of_blood
D:4:      layout_layer_cave, gammafunk_ghost_grave
D:5:      layout_rooms, minmay_temple_entry_glassed_door, serial_glass,
          glass_columns_b, glass_columns_a, nicolae_ossuary_entry_giza,
          gup_sewer_entry_spiral, uniq_ijyb

Skill      XL: |  1  2  3  4  5  6  7 |
---------------+----------------------+-----
Earth Magic    | 4 6 7 8 |  8.5
Conjurations   | 1 2 4 |  4.1
Spellcasting   | 3 4 |  4.0
Dodging        | |  1.5
Stealth        | |  2.1
Transmutations | |  0.7

Action                   |  1- 3 |  4- 6 |  7- 9 || total
-------------------------+-------+-------+-------++-------
Melee: Dagger            |    47 |   270 |       ||   317
       Unarmed           |     6 |       |       ||     6
       Rapier            |       |     3 |    52 ||    55
 Cast: Sandblast         |    29 |    25 |     3 ||    57
       Stone Arrow       |       |    15 |    10 ||    25
  Use: Scroll            |       |       |    10 ||    10
 Stab: Sleeping          |     2 |     2 |     1 ||     5
  Eat: Chunk             |     2 |    11 |     5 ||    18
Armor: Robe              |    25 |   119 |    23 ||   167
Dodge: Dodged            |    41 |   193 |    43 ||   277
